 Dungeon Crawl Stone Soup version 0.29-a0-813-g4a14ea37d6 (webtiles) character file.

Game seed: 7363327052159871531

7 LynnLen the Sneak (level 1, 0/13 HPs)
             Began as a Vampire Enchanter on July 4, 2022.
             Slain by a ball python (3 damage)
             ... on level 1 of the Dungeon.
             The game lasted 00:01:26 (204 turns).

LynnLen the Sneak (Vampire Enchanter)                Turns: 204, Time: 00:01:26

Health: 0/13       AC:  3    Str:  7    XL:     1   Next: 83%
Magic:  3/3        EV:  8    Int: 17    God:
Gold:   30         SH:  0    Dex: 14    Spells: 4/4 levels left

rFire   . . .      SeeInvis +   a - +1 dagger
rCold   . . .      Faith    .   (no shield)
rNeg    . . .      Spirit   .   d - +0 leather armour
rPois   .          Reflect  .   (no helmet)
rElec   .          Harm     .   (no cloak)
rCorr   .          Rampage  .   (no gloves)
Will    .....                   (no boots)
Stlth   +++.......              (no amulet)
HPRegen 0.24/turn               (no ring)
MPRegen 0.08/turn               (no ring)

@: healing quickly, constricted, invisible
A: alive, fangs 3, see invisible, vampiric 1
a: Exsanguinate


You were on level 1 of the Dungeon.
You visited 1 branch of the dungeon, and saw 1 of its levels.

You collected 30 gold pieces.

Inventory:

Hand Weapons
 a - a +1 dagger (weapon)
Armour
 b - a +0 robe
 d - a +0 leather armour (worn)
Scrolls
 e - a scroll of noise {unknown}
 g - a scroll of blinking {unknown}
 i - a scroll of identify {unknown}
Potions
 c - a potion of invisibility
 f - a potion of heal wounds {unknown}
 h - a potion of magic {unknown}


   Skills:
 + Level 1.1 Short Blades
 * Level 2.2 Dodging
 * Level 4.8 Stealth
 + Level 2.0 Spellcasting
 + Level 4.6 Hexes


You had 4 spell levels left.
You didn't know any spells.
Your spell library contained the following spells:

 Spells                   Type           Power      Damage    Failure   Level
 Confusing Touch          Hex            17%        N/A       13%         3
 Tukima's Dance           Hex            17%        N/A       13%         3
 Ensorcelled Hibernation  Hex/Ice        18%        N/A       17%         2
 Dazzling Flash           Conj/Hex       18%        N/A       32%         3


Dungeon Overview and Level Annotations

Branches:
Dungeon (1/15)

Altars:


Innate Abilities, Weirdness & Mutations

Your natural rate of healing is accelerated.
You have razor-sharp teeth.
You have supernaturally acute eyesight. (SInv)
You are afflicted with vampirism.


Message History

The dart slug is severely wounded.
The rat bites you but does no damage. The dart slug barely misses you.
You hit the dart slug.
You kill the dart slug!
The rat barely misses you. The rat closely misses you.
You see here a dart slug corpse.
You hit the rat.
You kill the rat!
You see here a rat corpse.
h - a brown potion
i - a scroll labelled WEEMUIP GIUVE You now have 24 gold pieces (gained 15).
You now have 30 gold pieces (gained 6).
An endoplasm comes into view.
Found a scroll labelled TET OSALYBAETY.
A ball python comes into view.
A ball python comes into view.
A giant cockroach comes into view.
The ball python barely misses you. The ball python grabs you.
The ball python constricts you.
The endoplasm quivers.
You hit the endoplasm.
The endoplasm is lightly wounded.
The ball python hisses angrily.
The endoplasm hits you but does no damage.
The ball python closely misses you. The ball python constricts you.
You hit the endoplasm but do no damage.
The endoplasm is lightly wounded.
The ball python bites you. The ball python constricts you.
The endoplasm freezes you.
You are frozen.
You hit the endoplasm.
The endoplasm is heavily wounded.
The ball python barely misses you. The ball python constricts you.
* * * LOW HITPOINT WARNING * * *
The endoplasm barely misses you.
You fade into invisibility!
The ball python bites you.
You die...

.........## #.#
.........# #.# ...
.........# #.# #..#
.........# .##...#
.........# .......
.........# ##.......
.........## #........
#.........######.S......
##.....##.#.....@S......
########...#####J....B.
#.### ....... ###
....... #######


You could see an endoplasm, a giant cockroach (asleep) and 2 ball pythons.

Vanquished Creatures
  A dart slug (D:1)
  A hobgoblin (D:1)
  A frilled lizard (D:1)
  3 rats (D:1)
6 creatures vanquished.

Notes
Turn   | Place    | Note
-------+----------+-------------------------------------------
     0 | D:1      | LynnLen the Vampire Enchanter began the quest for the Orb.
     0 | D:1      | Reached XP level 1. HP: 13/13 MP: 3/3
   204 | D:1      | Slain by a ball python

Illustrated notes

Levels and vault maps discovered:
D:1:      dpeg_chamrin_arrival_tetris, layout_rooms,
          chequers_ecumenical_altar_simple_redux

Action                   || total
-------------------------++-------
Melee: Dagger            ||    16
       Bite              ||     1
  Use: Potion            ||     1
 Stab: Sleeping          ||     2
Armor: Leather armour    ||     3
Dodge: Dodged            ||    11

Table legend: (Time is in decaauts)
 A = Elapsed time spent in this place.
 B = Non-inter-level travel time spent in this place.
 C = Inter-level travel time spent in this place.
 D = Time resting spent in this place.
 E = Time spent auto-exploring this place.
 F = Levels seen in this place.
 G = Mean time per level.
                   A        B        C        D        E       F      G
               +--------+--------+--------+--------+--------+-----+--------+
         Total |    203 |    203 |      0 |      0 |     53 |   1 |  203.0 |
       Dungeon |    203 |    203 |      0 |      0 |     53 |   1 |  203.0 |
               +--------+--------+--------+--------+--------+-----+--------+

Top non-repeatable levels by time:
     D:1: 203 daAuts
